 Dungeon Crawl Stone Soup version 0.19.0-16-g73b5abf (webtiles) character file.

101 Pororoca the Poker (level 4, -1/33 HPs)
             Began as a Merfolk Gladiator on Nov 10, 2016.
             Killed by divine providence
             ... invoked by an orc priest
              (11 damage)
             ... on level 3 of the Dungeon.
             The game lasted 00:03:12 (2226 turns).

Pororoca the Poker (Merfolk Gladiator)              Turns: 2226, Time: 00:03:12

Health: -1/33      AC:  4    Str: 15    XL:     4   Next: 75%
Magic:  4/4        EV: 14    Int:  7    God:
Gold:   94         SH:  0    Dex: 15    Spells: 0 memorised, 3 levels left

rFire  . . .     SeeInvis .     a - +0 trident
rCold  . . .     Gourm    .     b - +0 leather armour
rNeg   . . .     Faith    .     (no shield)
rPois  .         Spirit   .     c - +0 helmet
rElec  .         Reflect  .     (no cloak)
rCorr  .         Harm     .     (no gloves)
MR     .....                    (no boots)
Stlth  +.........               (no amulet)
                                (no ring)
                                k - ring of wizardry

@: no status effects
A: change form in water, swift swim, stealthy swim
a: no special abilities


You were on level 3 of the Dungeon.
You were very hungry.

You visited 1 branch of the dungeon, and saw 3 of its levels.

You collected 94 gold pieces.

Inventory:

Hand Weapons
 a - a +0 trident (weapon)
Missiles
 d - 2 throwing nets (quivered)
Armour
 b - a +0 leather armour (worn)
 c - a +0 helmet (worn)
Jewellery
 k - a ring of wizardry (left hand)
Scrolls
 m - a scroll of blinking {unknown}
 o - a scroll of magic mapping {unknown}
 p - a scroll of fog {unknown}
 s - a scroll of enchant armour {unknown}
Potions
 e - a potion of ambrosia {unknown}
 h - 2 potions of flight
 i - a potion of might {unknown}
 j - a potion of brilliance {unknown}
 l - a potion of agility {unknown}
 n - 2 potions of curing
 r - a potion of resistance {unknown}
Comestibles
 f - 4 bread rations
 g - 2 meat rations
 q - a beef jerky


   Skills:
 - Level 2.1 Fighting
 + Level 7.7 Polearms
 - Level 2.0 Throwing
 - Level 4.0 Dodging


You had 3 spell levels left.
You didn't know any spells.

Dungeon Overview and Level Annotations

Branches:
Dungeon (3/15)

Altars:
Uskayaw


Message History

You closely miss the adder.
The adder is heavily wounded.
The adder misses you.
You puncture the adder!
You kill the adder!
An orc priest comes into view. It is wielding an enchanted mace.
The orc priest shouts!
The orc priest invokes the aid of Beogh against you.
Beogh smites you!
There isn't anything here!
You see here a rat corpse.
You butcher the rat corpse.
Things that are here:
a chunk of flesh; a rat skeleton The orc priest mumbles some strange prayers to Beogh against you.
Pain shoots through your body!
* * * LOW HITPOINT WARNING * * *
The orc priest mumbles some strange prayers to Beogh against you.
Beogh smites you!
You die...

..........#####...#####
#..#..###
##.#...##.#...........###..#..#
...#..........................#
##.#..###.#...>.......###.....#
......###.#####...#####
#..>..### ###.......# #...#
#..<..... #.####### #...#
###...... #.# #..(# #...##. #
#.# ##@## #...##. # #.# #.#####
#...... # #.# #.#... #......
###.# #.#.# ###.... ....#
#...####. #.##. ###### #####
#........ #.##. # #. ...#
#o..#.##. #.### # #.####.##
#...#.##.## #.... #
#.......###%..†...... #####


You could see an orc priest.

Vanquished Creatures
  6 adders
  An ooze (D:1)
  2 dart slugs (D:1)
  3 leopard geckos
  An orc (D:3)
  4 bats
  2 giant cockroaches
  4 goblins
  A hobgoblin (D:2)
  2 jackals (D:1)
  4 frilled lizards
  4 kobolds
  5 rats
39 creatures vanquished.

Notes
Turn   | Place    | Note
-------+----------+-------------------------------------------
     0 | D:1      | Pororoca the Merfolk Gladiator began the quest for the Orb.
     0 | D:1      | Reached XP level 1. HP: 16/16 MP: 1/1
   205 | D:1      | Reached skill level 5 in Polearms
   205 | D:1      | Reached XP level 2. HP: 21/22 MP: 2/2
   578 | D:1      | Reached skill level 6 in Polearms
   578 | D:1      | Reached XP level 3. HP: 27/27 MP: 3/3
  1684 | D:3      | Reached skill level 7 in Polearms
  1684 | D:3      | Reached XP level 4. HP: 33/33 MP: 4/4
  1969 | D:3      | Noticed a dagger
  1970 | D:3      | Found a hide-covered altar of Uskayaw.
  1971 | D:3      | Noticed a dagger
  2226 | D:3      | Killed from afar by an orc priest

Skill      XL: |  1  2  3 |
---------------+----------+-----
Polearms       | 5 6 7 |  7.7
Fighting       | |  2.1
Throwing       | |  2.0
Dodging        | |  4.0

Action                   |  1- 3 |  4- 6 || total
-------------------------+-------+-------++-------
Melee: Trident           |   111 |    37 ||   148
Throw: Throwing net      |       |     2 ||     2
  Use: Scroll            |     3 |       ||     3
       Potion            |       |     1 ||     1
 Stab: Held in net/web   |       |     1 ||     1
  Eat: Chunk             |     2 |     1 ||     3
Armor: Leather armour    |    20 |     7 ||    27
Dodge: Dodged            |    59 |    12 ||    71
